General information
- name: BNet
- type: Ladder team game (AT/RT)
- host: Battle.net
- saver: KillyKillyKilly
map: Friends
- players: 8
- length: 87:08
- speed: Fast
- version: 1.26 W3XP
- replay type: Public
» download(257 KB)
Players
team 1 (loser)

»
FeeDMeNumber1 (
orange | 62 APM | 1331 actions | 21:18)
5 Archmage
3 Blizzard
2 Brilliance Aura
1 Death Knight
1 Death Coil
» actions
| Assign group hotkey | 23 | |
| Basic commands | 8 | |
| Build / train | 60 | |
| Enter build submenu | 19 | |
| Enter hero's abilities submenu | 6 | |
| Remove unit from queue | 1 | |
| Right click | 497 | |
| Select / deselect | 331 | |
| Select group hotkey | 338 | |
| Use ability | 48 | |
1331 total
» units
| Peasant | 17 | |
| Mortar Team | 12 | |
| Flying Machine | 7 | |
36 total
» upgrades
| Gunpowder | 2 | |
| Flare | 1 | |
| Fragmentation Shards | 1 | |
| Flak Cannons | 1 | |
| Lumber Harvesting | 1 | |
6 total
» buildings
| Altar of Kings | 1 | |
| Farm | 9 | |
| Lumber Mill | 1 | |
| Scout Tower | 4 | |
| Arcane Tower | 2 | |
| Guard Tower | 2 | |
| Keep | 1 | |
| Blacksmith | 1 | |
| Arcane Vault | 1 | |
| Workshop | 4 | |
| Castle | 1 | |
| Spirit Tower | 1 | |
28 total
» build order
00:12 Altar of Kings
00:19 Farm
00:49 Lumber Mill
00:52 Farm
01:19 Scout Tower
01:42 Scout Tower
01:57 Arcane Tower
02:20 Arcane Tower
02:23 Scout Tower
02:27 Scout Tower
02:53 Guard Tower
03:03 Guard Tower
03:15 Keep
03:31 Farm
03:32 Farm
03:33 Farm
03:34 Farm
03:57 Blacksmith
04:05 Farm
04:06 Farm
04:08 Farm
05:15 Arcane Vault
05:38 Workshop
05:40 Workshop
09:40 Castle
13:36 Spirit Tower
16:08 Workshop
16:32 Workshop
» items
| Healing Salve | 1 | |
| Scroll of Regeneration | 1 | |
| Scroll of Town Portal | 1 | |
3 total

»
Demon_Anubarack (
yellow | 32 APM | 375 actions | 11:45)
2 Death Knight
1 Death Coil
1 Unholy Aura
1 Crypt Lord
1 Impale
» actions
| Assign group hotkey | 20 | |
| Build / train | 27 | |
| Enter build submenu | 14 | |
| Enter hero's abilities submenu | 3 | |
| Right click | 119 | |
| Select / deselect | 94 | |
| Select group hotkey | 74 | |
| Use ability | 24 | |
375 total
» units
| Acolyte | 2 | |
| Ghoul | 2 | |
| Crypt Fiend | 12 | |
16 total
» upgrades
| Creature Attack | 2 | |
| Creature Carapace | 1 | |
| Web | 1 | |
4 total
» buildings
| Ziggurat | 6 | |
| Altar of Darkness | 1 | |
| Crypt | 1 | |
| Graveyard | 1 | |
| Tomb of Relics | 1 | |
| Halls of the Dead | 1 | |
| Slaughterhouse | 2 | |
13 total
» build order
00:27 Ziggurat
00:35 Altar of Darkness
01:03 Crypt
01:12 Graveyard
01:41 Ziggurat
01:44 Tomb of Relics
03:57 Ziggurat
05:20 Halls of the Dead
06:18 Ziggurat
08:53 Ziggurat
10:43 Slaughterhouse
10:44 Slaughterhouse
10:51 Ziggurat
» items
right1 (
teal | 43 APM | 1302 actions | 30:21)
5 Keeper of the Grove
3 Entangling Roots
2 Thorns Aura
1 Crypt Lord
1 Spiked Carapace
» actions
| Assign group hotkey | 35 | |
| Basic commands | 153 | |
| Build / train | 65 | |
| ESC pressed | 4 | |
| Enter build submenu | 20 | |
| Enter hero's abilities submenu | 7 | |
| Remove unit from queue | 1 | |
| Right click | 387 | |
| Select / deselect | 413 | |
| Select group hotkey | 126 | |
| Use ability | 91 | |
1302 total
» units
| Wisp | 18 | |
| Huntress | 8 | |
| Druid of the Claw | 5 | |
| Dryad | 8 | |
39 total
» upgrades
| Moon Armor | 1 | |
| Strength of the Moon | 1 | |
| Strength of the Wild | 2 | |
| Reinforced Hides | 3 | |
| Druid of the Claw Training | 2 | |
| Mark of the Claw | 1 | |
| Abolish Magic | 1 | |
11 total
» buildings
| Moon Well | 8 | |
| Hunter's Hall | 1 | |
| Ancient of War | 1 | |
| Altar of Elders | 1 | |
| Tree of Ages | 4 | |
| Ancient Protector | 1 | |
| Ancient of Lore | 3 | |
| Tree of Eternity | 1 | |
| Tree of Life | 1 | |
21 total
» build order
00:33 Moon Well
01:08 Hunter's Hall
01:18 Ancient of War
01:48 Moon Well
02:07 Altar of Elders
02:29 Moon Well
02:40 Moon Well
03:34 Moon Well
06:43 Tree of Ages
09:07 Ancient Protector
09:11 Ancient of Lore
09:12 Ancient of Lore
09:13 Ancient of Lore
10:15 Tree of Eternity
11:38 Moon Well
16:15 Tree of Life
19:40 Tree of Ages
20:12 Moon Well
22:09 Moon Well
22:10 Tree of Ages
22:13 Tree of Ages
» items
| Scroll of Town Portal | 1 | |
| Potion of Healing | 1 | |
2 total
KillyKillyKilly (
blue | 58 APM | 5083 actions | 87:08)
8 Blademaster
3 Wind Walk
3 Critical Strike
1 Bladestorm
1 Mirror Image
» actions
| Assign group hotkey | 381 | |
| Basic commands | 178 | |
| Build / train | 142 | |
| Enter build submenu | 66 | |
| Enter hero's abilities submenu | 8 | |
| Give item / drop item | 10 | |
| Remove unit from queue | 1 | |
| Right click | 2130 | |
| Select / deselect | 733 | |
| Select group hotkey | 1117 | |
| Use ability | 316 | |
5083 total
» units
| Peon | 40 | |
| Grunt | 7 | |
| Wind Rider | 7 | |
| Goblin Shredder | 2 | |
| Troll Batrider | 6 | |
| Goblin Sapper | 15 | |
| Goblin Zeppelin | 1 | |
78 total
» upgrades
| Armor | 3 | |
| Ranged Weapons | 3 | |
| Troll Regeneration | 1 | |
| Reinforced Defenses | 1 | |
| Spiked Barricades | 3 | |
| Envenomed Spears | 2 | |
| Liquid Fire | 2 | |
| Ensnare | 1 | |
| Burning Oil | 1 | |
| Melee Weapons | 3 | |
| Pillage | 1 | |
| Backpack | 1 | |
| War Drums Damage Increase | 1 | |
| Berserker Upgrade | 1 | |
| Berserker Strength | 1 | |
| Shaman Training | 2 | |
| Witch Doctor Training | 2 | |
| Spirit Walker Training | 2 | |
31 total
» buildings
| Orc Burrow | 8 | |
| Altar of Storms | 1 | |
| Barracks | 1 | |
| Voodoo Lounge | 3 | |
| Stronghold | 1 | |
| War Mill | 2 | |
| Beastiary | 4 | |
| Great Hall | 12 | |
| Fortress | 1 | |
| Watch Tower | 49 | |
| Spirit Lodge | 1 | |
83 total
» build order
00:14 Orc Burrow
00:45 Altar of Storms
00:55 Barracks
01:09 Voodoo Lounge
01:23 Orc Burrow
01:45 Voodoo Lounge
02:40 Orc Burrow
03:42 Stronghold
04:03 War Mill
07:37 Orc Burrow
07:37 Orc Burrow
07:43 Orc Burrow
08:32 Beastiary
08:33 Beastiary
11:36 Great Hall
13:57 Fortress
16:02 Orc Burrow
16:25 Watch Tower
16:25 Watch Tower
16:26 Watch Tower
16:26 Watch Tower
16:26 Watch Tower
16:27 Watch Tower
16:28 Watch Tower
16:29 Watch Tower
19:20 Watch Tower
19:21 Watch Tower
19:21 Watch Tower
19:22 Watch Tower
19:22 Watch Tower
19:24 Watch Tower
19:25 Watch Tower
19:25 Watch Tower
19:27 Watch Tower
19:28 Watch Tower
19:28 Watch Tower
19:28 Watch Tower
19:29 Watch Tower
19:29 Watch Tower
19:34 War Mill
20:35 Beastiary
20:35 Beastiary
23:59 Spirit Lodge
43:24 Orc Burrow
49:26 Voodoo Lounge
53:39 Great Hall
53:47 Great Hall
55:03 Watch Tower
55:03 Watch Tower
55:03 Watch Tower
55:04 Watch Tower
55:04 Watch Tower
55:06 Watch Tower
55:06 Watch Tower
55:06 Watch Tower
55:07 Watch Tower
55:11 Watch Tower
55:11 Watch Tower
55:12 Watch Tower
55:12 Watch Tower
55:12 Watch Tower
55:12 Watch Tower
55:13 Watch Tower
55:14 Watch Tower
55:20 Watch Tower
55:20 Watch Tower
55:21 Watch Tower
55:21 Watch Tower
55:25 Watch Tower
55:26 Watch Tower
55:26 Watch Tower
55:27 Watch Tower
55:27 Watch Tower
55:56 Great Hall
56:04 Great Hall
57:08 Great Hall
57:19 Great Hall
59:14 Great Hall
59:23 Great Hall
69:39 Great Hall
70:12 Great Hall
70:56 Great Hall
» items
| Healing Salve | 3 | |
| Potion of Healing | 1 | |
| Potion of Mana | 1 | |
| Scroll of Regeneration | 1 | |
| Lesser Clarity Potion | 2 | |
| Scroll of Town Portal | 1 | |
| Tiny Great Hall | 7 | |
| Orb of Lightning | 2 | |
| Ankh of Reincarnation | 1 | |
| Inferno Stone | 1 | |
| Boots of Quel'Thalas +6 | 1 | |
21 total
team 2 (winner)
MyC0CKInYoBuTT (
red | 21 APM | 114 actions | 05:25)
1 Death Knight
1 Death Coil
» actions
| Build / train | 13 | |
| Enter build submenu | 9 | |
| Enter hero's abilities submenu | 1 | |
| Right click | 49 | |
| Select / deselect | 35 | |
| Use ability | 7 | |
114 total
» units
| Acolyte | 2 | |
| Ghoul | 2 | |
| Crypt Fiend | 4 | |
8 total
» buildings
| Crypt | 1 | |
| Graveyard | 1 | |
| Altar of Darkness | 1 | |
| Ziggurat | 3 | |
| Tomb of Relics | 1 | |
| Nerubian Tower | 1 | |
| Halls of the Dead | 1 | |
9 total
» build order
00:44 Crypt
00:52 Graveyard
01:00 Altar of Darkness
01:04 Ziggurat
01:09 Ziggurat
01:17 Ziggurat
01:30 Tomb of Relics
02:39 Nerubian Tower
04:16 Halls of the Dead
» items

»
GironEC (
pink | 73 APM | 1242 actions | 16:55)
3 Mountain King
2 Storm Bolt
1 Bash
2 Paladin
1 Holy Light
1 Devotion Aura
» actions
| Assign group hotkey | 7 | |
| Build / train | 46 | |
| Enter build submenu | 25 | |
| Enter hero's abilities submenu | 5 | |
| Give item / drop item | 1 | |
| Right click | 528 | |
| Select / deselect | 225 | |
| Select group hotkey | 353 | |
| Use ability | 52 | |
1242 total
» units
| Peasant | 9 | |
| Footman | 2 | |
| Gryphon Rider | 4 | |
| Acolyte | 5 | |
| Frost Wyrm | 2 | |
| Dragonhawk Rider | 1 | |
23 total
» upgrades
| Lumber Harvesting | 1 | |
| Storm Hammers | 1 | |
2 total
» buildings
| Altar of Kings | 1 | |
| Farm | 10 | |
| Barracks | 1 | |
| Scout Tower | 3 | |
| Arcane Tower | 1 | |
| Keep | 1 | |
| Lumber Mill | 1 | |
| Guard Tower | 2 | |
| Castle | 1 | |
| Gryphon Aviary | 3 | |
| Black Citadel | 1 | |
| Spirit Tower | 1 | |
| Sacrificial Pit | 1 | |
| Arcane Vault | 1 | |
| Boneyard | 2 | |
| Ziggurat | 1 | |
31 total
» build order
00:09 Altar of Kings
00:27 Farm
00:53 Barracks
01:05 Farm
01:45 Scout Tower
01:55 Farm
02:16 Arcane Tower
02:44 Scout Tower
03:14 Farm
03:17 Keep
03:28 Lumber Mill
04:06 Farm
04:43 Scout Tower
05:13 Guard Tower
05:16 Farm
06:05 Castle
07:11 Gryphon Aviary
07:11 Gryphon Aviary
07:12 Gryphon Aviary
07:21 Black Citadel
07:31 Guard Tower
07:46 Spirit Tower
09:03 Farm
09:04 Farm
09:57 Farm
09:58 Farm
10:07 Sacrificial Pit
10:23 Arcane Vault
11:07 Boneyard
11:09 Boneyard
11:13 Ziggurat
» items
| Scroll of Regeneration | 3 | |
| Scroll of Town Portal | 3 | |
| Potion of Healing | 1 | |
7 total
imwastedagain (
purple | 12 APM | 85 actions | 06:50)
1 Death Knight
1 Death Coil
» actions
| Basic commands | 16 | |
| Build / train | 15 | |
| Enter build submenu | 8 | |
| Enter hero's abilities submenu | 1 | |
| Select / deselect | 27 | |
| Use ability | 18 | |
85 total
» units
» upgrades
| Creature Attack | 1 | |
| Creature Carapace | 1 | |
2 total
» buildings
| Graveyard | 1 | |
| Crypt | 1 | |
| Altar of Darkness | 1 | |
| Ziggurat | 4 | |
| Tomb of Relics | 1 | |
| Spirit Tower | 4 | |
| Halls of the Dead | 1 | |
13 total
» build order
01:00 Graveyard
01:04 Crypt
01:10 Altar of Darkness
01:18 Ziggurat
01:29 Tomb of Relics
01:33 Ziggurat
02:25 Spirit Tower
02:39 Spirit Tower
03:03 Ziggurat
03:10 Ziggurat
04:03 Halls of the Dead
04:24 Spirit Tower
04:38 Spirit Tower
NumberOneTrash (
green | 17 APM | 1439 actions | 87:08)
2 Far Seer
1 Feral Spirit
1 Chain Lighting
» actions
| Basic commands | 1 | |
| Build / train | 73 | |
| Enter build submenu | 54 | |
| Enter hero's abilities submenu | 3 | |
| Remove unit from queue | 6 | |
| Right click | 802 | |
| Select / deselect | 417 | |
| Use ability | 83 | |
1439 total
» units
| Peon | 27 | |
| Raider | 18 | |
| Peasant | 5 | |
| Footman | 3 | |
53 total
» upgrades
| Melee Weapons | 2 | |
| Armor | 1 | |
| Ensnare | 1 | |
4 total
» buildings
| Altar of Storms | 1 | |
| Orc Burrow | 6 | |
| War Mill | 2 | |
| Stronghold | 2 | |
| Beastiary | 2 | |
| Black Citadel | 1 | |
| Sacrificial Pit | 1 | |
| Spirit Tower | 1 | |
| Watch Tower | 9 | |
| Fortress | 1 | |
| Great Hall | 1 | |
| Town Hall | 6 | |
| Farm | 1 | |
| Altar of Kings | 1 | |
| Keep | 1 | |
| Lumber Mill | 1 | |
37 total
» build order
00:04 Altar of Storms
00:06 Orc Burrow
01:00 War Mill
01:22 Orc Burrow
02:27 Orc Burrow
04:08 Stronghold
07:06 Beastiary
07:35 Black Citadel
07:39 Sacrificial Pit
07:47 Spirit Tower
08:01 Beastiary
08:06 Orc Burrow
09:54 Watch Tower
09:59 Watch Tower
10:05 Watch Tower
10:30 Fortress
10:54 Watch Tower
11:07 Watch Tower
11:09 Watch Tower
14:18 Great Hall
15:53 War Mill
20:36 Orc Burrow
21:01 Orc Burrow
21:41 Watch Tower
22:10 Watch Tower
22:21 Stronghold
23:06 Watch Tower
26:46 Town Hall
27:16 Town Hall
28:09 Town Hall
28:41 Town Hall
29:18 Town Hall
30:32 Town Hall
32:26 Farm
34:22 Altar of Kings
35:52 Keep
36:44 Lumber Mill
Chat log
(00:05 / Allies) FeeDMeNumber1: morts
(00:09 / All) KillyKillyKilly: That was a great game, huh reD?
(00:18 / Allies) right1: bears
(00:19 / All) KillyKillyKilly: the undead straight teching
(00:23 / Allies) right1: one of u make aa
(00:24 / All) KillyKillyKilly: on edge
(00:25 / Allies) right1: or two
(00:26 / All) MyC0CKInYoBuTT: lol
(00:29 / Allies) Demon_Anubarack: fiends then
(00:31 / All) KillyKillyKilly: on a rush map
(00:39 / All) KillyKillyKilly: then next map is this gay one
(00:40 / Allies) FeeDMeNumber1: get 2 towers each plz
(00:42 / Allies) FeeDMeNumber1: or 3
(00:55 / Allies) right1: no make units instead
(01:01 / Allies) FeeDMeNumber1: im teching to morts.
(01:28 / Allies) Demon_Anubarack: dang this map is full of reds
(01:48 / Allies) FeeDMeNumber1: yes and gold mines 50k...
(01:51 / Allies) FeeDMeNumber1: which why tower/tech wins
(01:51 / Allies) KillyKillyKilly: and the 50k gold mines are lovely
(02:06 / Allies) Demon_Anubarack: lol didnt see that xD
(03:12 / Allies) Demon_Anubarack: blue you going melee?
(03:15 / Allies) KillyKillyKilly: No
(03:29 / Allies) right1: i am
(03:30 / Allies) right1: bears
(03:36 / Allies) Demon_Anubarack: k
(03:42 / Allies) right1: but need melee begin with
(04:02 / Allies) right1: lol
(04:03 / All) NumberOneTrash: retard
(04:17 / All) FeeDMeNumber1: says teh noob
(04:57 / Allies) right1: priest
(05:21 / Allies) FeeDMeNumber1: morts in 1 min
(05:23 / Allies) FeeDMeNumber1: ill have
(05:44 / Allies) right1: big guy
(05:45 / Allies) Demon_Anubarack: wait
(05:52 / Allies) right1: tp
(05:56 / All) KillyKillyKilly: sigh
(06:24 / Allies) FeeDMeNumber1: burrow....
(06:46 / Allies) KillyKillyKilly: bl;izzards hurts ally
(06:54 / Allies) FeeDMeNumber1: i know
(06:56 / All) NumberOneTrash: lol
(06:57 / All) NumberOneTrash: gg
(06:59 / Allies) FeeDMeNumber1: i told him to burrow, he didnt
(07:03 / All) FeeDMeNumber1: get lost
(07:03 / Allies) KillyKillyKilly: That is me
(07:05 / All) FeeDMeNumber1: green noob
(07:08 / All) NumberOneTrash: 1v1?
(07:25 / All) FeeDMeNumber1: noobs always begging for 1v1 lol
(07:44 / Allies) KillyKillyKilly: gold
(08:59 / Allies) FeeDMeNumber1: hunt
(09:01 / 10) KillyKillyKilly: Shouldn't have attacked me, I planned to BS
(09:06 / All) NumberOneTrash: bs?
(09:12 / All) FeeDMeNumber1: leave
(09:15 / All) FeeDMeNumber1: u lost scrub
(09:22 / 9) NumberOneTrash: bs?
(09:26 / All) FeeDMeNumber1: blue and I arent even there...
(09:34 / 10) KillyKillyKilly: don't see it in all, I have to rebuild you guys set me back a bit
(09:44 / 9) NumberOneTrash: what does bs mean?
(09:56 / 10) KillyKillyKilly: it means backstab, I will team kill
(09:59 / 9) NumberOneTrash: oh
(10:10 / 9) NumberOneTrash: i like you
(11:35 / Allies) Demon_Anubarack: teal where did all your hunts go?
(11:45 / Allies) right1: towers at front
(11:46 / Allies) KillyKillyKilly: Gold?
(13:13 / 9) NumberOneTrash: kill orange
(14:03 / Allies) FeeDMeNumber1: blue
(14:15 / Allies) right1: fuck my base
(14:16 / Allies) FeeDMeNumber1: BLUE
(14:21 / Allies) right1: cunts
(14:23 / Allies) FeeDMeNumber1: wtf u doing
(14:27 / 9) NumberOneTrash: lol
(14:29 / Allies) FeeDMeNumber1: bleu
(14:31 / Allies) FeeDMeNumber1: why are u not helping
(14:35 / 10) KillyKillyKilly: have to kill pink he's in my base then I kill orange
(14:42 / Allies) KillyKillyKilly: getting bats
(14:43 / Allies) right1: gold me
(14:53 / Allies) FeeDMeNumber1: go plz
(14:58 / Allies) right1: gold for tp
(15:16 / Allies) right1: gold for a fucking main
(15:17 / Allies) right1: jesus
(15:18 / 9) NumberOneTrash: liar
(15:21 / Allies) FeeDMeNumber1: blue
(15:21 / 9) NumberOneTrash: your not killing
(15:22 / Allies) FeeDMeNumber1: help
(15:50 / Allies) FeeDMeNumber1: GO
(15:55 / Allies) right1: GOLD ME FFS
(15:58 / 10) KillyKillyKilly: when I have control of the game I will decide who wins
(16:04 / Allies) right1: 100 more
(16:06 / Allies) right1: for main
(16:09 / Allies) right1: fuck!
(16:20 / Allies) FeeDMeNumber1: blue is....not that great
(16:26 / 9) NumberOneTrash: why?
(16:29 / Allies) FeeDMeNumber1: go
(16:40 / 9) NumberOneTrash: you can win bro
(17:18 / Allies) FeeDMeNumber1: blues attackin me
(17:20 / Allies) FeeDMeNumber1: waht a noob
(18:18 / Allies) FeeDMeNumber1: little kid is mad
(18:23 / Allies) right1: wtf
(18:25 / Allies) right1: you cunt orc
(18:38 / Allies) right1: fucking tker
(18:58 / All) right1: Orc
(18:59 / Allies) FeeDMeNumber1: hes mad
(19:01 / Allies) FeeDMeNumber1: that we are better
(19:01 / All) right1: get a life
(19:02 / Allies) FeeDMeNumber1: lol
(19:03 / All) right1: yo0u piece of shit
(19:04 / Allies) FeeDMeNumber1: what a loser
(19:12 / Allies) KillyKillyKilly: Get off my land
(19:15 / 9) NumberOneTrash: take out the town halls
(19:25 / All) right1: tker
(19:37 / Allies) FeeDMeNumber1: umad?
(19:50 / Allies) FeeDMeNumber1: blue, you can team kill me all you want I careless
(20:08 / Allies) FeeDMeNumber1: jsut remember at night when you are all alone, sitting in your mothers basement I actually have a life
(20:47 / Allies) right1: control ud
(20:51 / Allies) FeeDMeNumber1: i cant
(20:53 / 9) NumberOneTrash: you thier?
(20:53 / Allies) FeeDMeNumber1: he is
(21:02 / Allies) FeeDMeNumber1: oh well its late, not wasting my time
(21:11 / Allies) FeeDMeNumber1: blue is obv a child
(21:15 / Allies) FeeDMeNumber1: probably pass his bed time
(21:52 / All) KillyKillyKilly: I rule here, I decide your fates in this game
(22:10 / Allies) KillyKillyKilly: Attack my base and you will perish teal
(22:16 / Allies) KillyKillyKilly: Attack purple's base and I will aid you
(23:59 / 9) NumberOneTrash: can you kill teal?
(24:19 / 10) KillyKillyKilly: Yes, eventually
(24:25 / 9) NumberOneTrash: ill lose soon
(24:28 / 9) NumberOneTrash: cuz my town all
(24:33 / 10) KillyKillyKilly: You have purple
(24:41 / 9) NumberOneTrash: no nits
(24:50 / 9) NumberOneTrash: he doesnt havent hall
(25:00 / 10) KillyKillyKilly: when teal attack I'll kill him
(25:12 / 9) NumberOneTrash: are you gonna win or am i winning so i can know?
(25:19 / 10) KillyKillyKilly: I am not going to win.
(25:26 / 9) NumberOneTrash: ok
(25:31 / 9) NumberOneTrash: i lost anyway
(25:48 / 10) KillyKillyKilly: Do you mean vs teal? He is nothing
(25:57 / 9) NumberOneTrash: hes killing me as we speak
(26:04 / 9) NumberOneTrash: i lost
(26:11 / Allies) KillyKillyKilly: You are not allowed a hall
(26:25 / Allies) KillyKillyKilly: Do not make another
(26:34 / 9) NumberOneTrash: plz help
(26:35 / Allies) right1: i feel sorry for you
(26:45 / 10) KillyKillyKilly: When he attacks purple's base all his units will die by my hand
(28:25 / 9) NumberOneTrash: lol im making town halls all over the map
(28:29 / 9) NumberOneTrash: dont kill htem or i lose
(29:11 / 9) NumberOneTrash: hes attacking purple
(29:16 / 10) KillyKillyKilly: Now he dies.
(30:20 / All) KillyKillyKilly: Tragic
(30:28 / All) NumberOneTrash: lol
(30:37 / All) KillyKillyKilly: Now I must decide whether I want you to win or not
(30:38 / All) NumberOneTrash: so now what?
(30:42 / All) NumberOneTrash: o.o
(30:48 / All) KillyKillyKilly: What's your main account
(30:55 / All) NumberOneTrash: this is my main.....
(31:01 / All) KillyKillyKilly: Why are you 0-0?
(31:07 / All) NumberOneTrash: i just bought this game like 4 days ago ive ben practicing
(31:18 / All) NumberOneTrash: on the computersl
(31:22 / All) KillyKillyKilly: Why do you ask for 1v1 then?
(31:23 / All) NumberOneTrash: dont laugh at me plz
(31:32 / All) NumberOneTrash: cuz i wanna feel tough
(31:33 / All) NumberOneTrash: lol
(31:46 / All) NumberOneTrash: i lose dont i?
(31:59 / All) KillyKillyKilly: Not yet
(32:05 / All) NumberOneTrash: so do i lose?
(32:09 / All) NumberOneTrash: or i win?
(32:10 / All) KillyKillyKilly: How badly do you want to win?
(32:14 / All) NumberOneTrash: very
(32:16 / All) NumberOneTrash: VERY
(32:18 / All) NumberOneTrash: VERY BADLY
(32:55 / All) KillyKillyKilly: Tell who rules BattleNet
(33:07 / All) NumberOneTrash: killykillykilly rules batlenet
(33:12 / All) NumberOneTrash: battlenet*
(33:21 / All) KillyKillyKilly: Otherwise known as?
(33:24 / All) KillyKillyKilly: Lord Farsanky
(33:29 / All) KillyKillyKilly: The illustrious Lord Farsanky
(33:32 / All) NumberOneTrash: Lord Farsanky
(33:36 / All) NumberOneTrash: is that your main?
(33:46 / All) KillyKillyKilly: youtube.com/lordfarsanky
(33:54 / All) NumberOneTrash: ill look it up
(33:58 / All) NumberOneTrash: wanna add me?
(34:04 / All) NumberOneTrash: i have one person added on my friends
(34:06 / All) NumberOneTrash: its my brother
(34:19 / All) KillyKillyKilly: What is your age
(34:26 / All) NumberOneTrash: what is your age
(34:28 / All) NumberOneTrash: :P
(35:52 / All) KillyKillyKilly: What do you think of your very first battle net game?
(36:01 / All) NumberOneTrash: i thought i started off well....
(36:07 / All) NumberOneTrash: but guess not
(36:16 / All) KillyKillyKilly: Indeed, you ran into the Lord of BattleNet
(36:22 / All) NumberOneTrash: mhm
(36:30 / All) NumberOneTrash: red said you guys had a hacker
(36:34 / All) KillyKillyKilly: The hero without equal, the champion without peer
(37:00 / All) KillyKillyKilly: Personally I felt you guys might have had a hacker, hit the softest base
(37:19 / All) NumberOneTrash: pink ketp saying hit blue
(37:33 / All) KillyKillyKilly: Pink deserves not to win
(37:44 / All) KillyKillyKilly: He oughtn't cross the master of these realms
(37:53 / All) NumberOneTrash: i just ketp following orders
(37:54 / All) KillyKillyKilly: Insolence shan't be tolerated
(37:58 / All) NumberOneTrash: he said make raiders and hit town hall
(38:44 / All) NumberOneTrash: lol
(38:57 / All) NumberOneTrash: u see my hero?
(39:03 / All) NumberOneTrash: XD
(39:13 / All) NumberOneTrash: XD
(39:20 / All) NumberOneTrash: hahahaha
(39:22 / All) NumberOneTrash: this is funny
(40:00 / All) NumberOneTrash: NOOOOoooo
(40:01 / All) NumberOneTrash: lol
(40:11 / All) NumberOneTrash: HAAAAAAA
(40:13 / All) NumberOneTrash: RUNNNNNN
(40:26 / All) NumberOneTrash: noooooooooo
(40:30 / All) NumberOneTrash: hes my only guy
(40:36 / All) NumberOneTrash: AWWWW
(41:02 / All) NumberOneTrash: lol
(41:05 / All) NumberOneTrash: this is gonna be funny
(41:11 / All) NumberOneTrash: u thier?
(41:23 / All) NumberOneTrash: lol
(41:59 / All) NumberOneTrash: hello?
(42:08 / All) KillyKillyKilly: aye?
(42:14 / All) NumberOneTrash: just seeing if your their
(42:29 / All) KillyKillyKilly: I'm clearing the monsters from my lands
(42:41 / All) NumberOneTrash: your killing everything?
(42:56 / All) KillyKillyKilly: Aye
(43:07 / All) KillyKillyKilly: I'm making this dump liveable again for my peasantry
(43:11 / All) NumberOneTrash: can my pez walk around with you lol
(43:24 / All) NumberOneTrash: wait
(43:28 / All) NumberOneTrash: you wanna see my little village?
(43:33 / All) NumberOneTrash: population 1
(43:34 / All) NumberOneTrash: lol
(43:45 / All) NumberOneTrash: go mid left
(43:51 / All) NumberOneTrash: like under yellows base
(43:56 / All) NumberOneTrash: its a little village
(44:00 / All) NumberOneTrash: but it manages
(44:01 / All) NumberOneTrash: lol
(44:09 / All) NumberOneTrash: hehe
(44:19 / All) KillyKillyKilly: A fine village indeed
(46:01 / All) NumberOneTrash: im watching your warcraft videos lol
(46:23 / All) KillyKillyKilly: Entertaining videos indeed, aren't they?
(46:46 / All) KillyKillyKilly: The greatest on all of youtube
(47:27 / All) NumberOneTrash: i liek the catapult one lol
(47:44 / All) KillyKillyKilly: greyrost is another account of mine
(48:59 / All) NumberOneTrash: i like ur vids
(49:00 / All) NumberOneTrash: lol
(49:54 / All) NumberOneTrash: my pez is attacking ur orb of lighting
(50:07 / All) NumberOneTrash: rawr
(50:26 / All) NumberOneTrash: NOOOOOO
(50:29 / All) NumberOneTrash: I HAVE NO MORE MEN
(50:31 / All) NumberOneTrash: population
(50:34 / All) NumberOneTrash: 0
(50:34 / All) NumberOneTrash: lol
(50:40 / All) KillyKillyKilly: I was going to sell that orb of lightning and use the funds to fund my boozing
(50:49 / All) NumberOneTrash: im sorry
(50:54 / All) NumberOneTrash: but you didnt have to kill him
(50:56 / All) NumberOneTrash: i have 18 g
(50:57 / All) NumberOneTrash: lol
(51:28 / All) NumberOneTrash: NOOOO
(51:30 / All) NumberOneTrash: MY VILLAGE
(51:42 / All) NumberOneTrash: JUST KILL ME
(51:43 / All) NumberOneTrash: lol
(51:55 / All) NumberOneTrash: sooo
(51:59 / All) NumberOneTrash: how old are you/?
(52:02 / All) KillyKillyKilly: I want to drain teh gold mines
(52:11 / All) KillyKillyKilly: and then I will let you have your first win
(52:16 / All) NumberOneTrash: awwwwwww
(52:18 / All) KillyKillyKilly: Says it on my youtube account
(52:21 / All) NumberOneTrash: but that will take forever
(52:33 / All) KillyKillyKilly: You're a part of history here, world record gold count
(52:38 / All) NumberOneTrash: fine
(52:39 / All) NumberOneTrash: lol
(59:31 / All) NumberOneTrash: dude?
(59:43 / All) NumberOneTrash: ima lose?
(59:50 / All) KillyKillyKilly: No just making sure you couldn't rebuild
(60:01 / All) NumberOneTrash: no at the end of the remaning time i lose
(60:10 / All) KillyKillyKilly: No
(60:12 / All) KillyKillyKilly: You will be revealed
(60:18 / All) KillyKillyKilly: It'll show me where your buildings are
(60:22 / All) KillyKillyKilly: Unless you build another hall
(60:23 / All) NumberOneTrash: oh
(60:36 / All) NumberOneTrash: i like the stick and move video better
(60:37 / All) NumberOneTrash: lol
(60:43 / All) NumberOneTrash: you raped him with one hero
(60:44 / All) KillyKillyKilly: It's a fine one
(60:54 / All) KillyKillyKilly: That's almost every game and every hero
(61:03 / All) NumberOneTrash: you should teach me?
(61:05 / All) KillyKillyKilly: blademaster works best
(61:11 / All) KillyKillyKilly: Watch my videos
(61:12 / All) NumberOneTrash: or atleast let me play with you?
(61:20 / All) KillyKillyKilly: What's your MSN
(61:25 / All) NumberOneTrash: msn?
(61:30 / All) KillyKillyKilly: Actually send friend invite on youtube
(61:35 / All) KillyKillyKilly: I'll accept it
(61:38 / All) NumberOneTrash: dont gotta youtube acc
(61:48 / All) NumberOneTrash: im noly 14
(61:50 / All) NumberOneTrash: only*
(61:58 / All) KillyKillyKilly: You only have to be 13 to have a youtube account
(62:10 / All) NumberOneTrash: ik but i dont go on youtue unless its music
(62:23 / All) NumberOneTrash: jsut add me on here?
(62:34 / All) KillyKillyKilly: Okay when I am on I'll add your account
(62:38 / All) NumberOneTrash: ok
(62:45 / All) NumberOneTrash: isnt killy your acc?
(62:50 / All) NumberOneTrash: or do you just team kill on it
(62:52 / All) KillyKillyKilly: Nay sir, I am a perpetual smurf
(63:15 / All) NumberOneTrash: where do you live?
(63:29 / All) KillyKillyKilly: I live in the great state of Indiana, finest in the nation
(63:34 / All) NumberOneTrash: nice
(63:39 / All) NumberOneTrash: i live in wisconsin
(63:52 / All) KillyKillyKilly: Are you a Packer fan?
(63:58 / All) NumberOneTrash: 50 50
(64:05 / All) NumberOneTrash: 50 packer other half saint
(64:13 / All) NumberOneTrash: my moms a packer so 50 percent thier
(64:16 / All) NumberOneTrash: and my dads a saint
(64:19 / All) KillyKillyKilly: I don't much care for the Saints, too many darkies
(64:23 / All) NumberOneTrash: lol
(65:01 / All) NumberOneTrash: can you tell me how to mass produce wyvs fast?
(65:16 / All) KillyKillyKilly: Aye, you upgrade to stronghold and make beastiaries
(65:20 / All) KillyKillyKilly: It is pretty simple
(65:32 / All) NumberOneTrash: thats it just resource until upgrade?
(65:51 / All) KillyKillyKilly: 5 peons on gold, 7 on lumber, 8 if yo uwant to expand and use the extra peon for that purpose
(66:07 / All) KillyKillyKilly: Make a barracks if you want to creep easy and produce 4 grunts, or just skip and straight tech
(66:22 / All) KillyKillyKilly: and then you tech tier 2
(66:25 / All) KillyKillyKilly: |and get your wyverns
(66:30 / All) NumberOneTrash: oh
(66:32 / All) NumberOneTrash: thx
(66:41 / All) KillyKillyKilly: Guess how much gold I have right now
(66:47 / All) NumberOneTrash: millino?
(66:54 / All) NumberOneTrash: my brother plays Night elfs
(67:26 / All) KillyKillyKilly: Only 93k right now
(67:42 / All) NumberOneTrash: what mines do u have?
(67:47 / All) NumberOneTrash: just my teammates ones?
(67:50 / All) KillyKillyKilly: I think 800,000 is max gold on map
(67:57 / All) KillyKillyKilly: I have every gold mine
(68:05 / All) NumberOneTrash: are you maxing it out?
(68:11 / All) KillyKillyKilly: I don't have them saturated though
(68:16 / All) KillyKillyKilly: about 3 peons on every one
(68:29 / All) KillyKillyKilly: to stay untaxed
(68:32 / All) NumberOneTrash: cuz i dont think i have that much time to stay tell max?
(68:44 / All) NumberOneTrash: i can stay but i dont think that long
(68:49 / All) KillyKillyKilly: How long can you stay
(68:52 / All) NumberOneTrash: idk
(68:57 / All) NumberOneTrash: its 4 10
(68:58 / All) KillyKillyKilly: You should just leave it on
(68:59 / All) NumberOneTrash: so idk
(69:07 / All) KillyKillyKilly: You will impress your brother being undefeated
(69:13 / All) NumberOneTrash: lol
(69:22 / All) NumberOneTrash: yea he beats me everytime
(69:29 / All) NumberOneTrash: all he does is mass archers
(69:31 / All) NumberOneTrash: and im dead
(70:30 / All) KillyKillyKilly: 1v1?
(70:34 / All) NumberOneTrash: ?
(70:35 / All) NumberOneTrash: idk
(70:36 / All) KillyKillyKilly: Get blade master
(70:37 / All) NumberOneTrash: id lost
(70:43 / All) KillyKillyKilly: I mean vs your brother
(70:46 / All) NumberOneTrash: oh
(71:01 / All) NumberOneTrash: hes sleeping
(71:03 / All) KillyKillyKilly: Farseer is so 2005
(71:15 / All) NumberOneTrash: he uses this archer girl hero
(71:18 / All) NumberOneTrash: and then just archers
(71:25 / All) KillyKillyKilly: Priestess of the Moon
(71:29 / All) NumberOneTrash: yea her
(71:35 / All) KillyKillyKilly: Get a blade master
(71:47 / All) KillyKillyKilly: and then just focus his archers
(71:49 / All) KillyKillyKilly: not his hero
(71:57 / All) KillyKillyKilly: they will die easy
(72:04 / All) KillyKillyKilly: don't attack in his base at night
(72:10 / All) NumberOneTrash: why?
(72:20 / All) KillyKillyKilly: because his moonwells regenerate mana during the night
(72:26 / All) NumberOneTrash: oh
(72:34 / All) NumberOneTrash: i thhought those were for killing lol
(72:36 / All) NumberOneTrash: i thought they hurt u
(72:41 / All) KillyKillyKilly: No they heal his units
(72:41 / All) NumberOneTrash: like towers
(73:11 / All) KillyKillyKilly: Get blade master and grunts and you will never lose vs him if he only goes archers
(73:21 / All) KillyKillyKilly: also you can pressure him and make sure he can't creep
(73:33 / All) NumberOneTrash: ill 1v1 him alter today
(73:33 / All) KillyKillyKilly: only attack his archers not his hero until his archers are dead
(73:58 / All) KillyKillyKilly: do you usually focus attack his hero?
(74:07 / All) NumberOneTrash: i usally only have a ero lol
(74:10 / All) NumberOneTrash: cuz i tech
(74:20 / All) KillyKillyKilly: don't tech in solo
(74:26 / All) KillyKillyKilly: don't straight tech I mean
(74:43 / All) KillyKillyKilly: You don't even need air in orc solo
(74:55 / All) KillyKillyKilly: jsut add raiders
(75:03 / All) KillyKillyKilly: Another thing you can do is get blademaster
(75:06 / All) KillyKillyKilly: mass towers in your base
(75:09 / All) KillyKillyKilly: and get bats
(75:17 / All) NumberOneTrash: well i was raidering in this game
(75:20 / All) NumberOneTrash: i did pretty good
(75:27 / All) NumberOneTrash: killed teal and yellows town hall
(75:31 / All) KillyKillyKilly: then attack kill his hall if he attacks you or is away from his base
(75:34 / All) KillyKillyKilly: and never let him expand
(75:48 / All) KillyKillyKilly: Batmaster is the best strategy
(76:20 / All) KillyKillyKilly: There was a guy "nc.dude" that only went batmaster on ladder
(76:29 / All) KillyKillyKilly: he was rank 1 on USEast and West for years
(76:31 / All) KillyKillyKilly: a long time ago
(76:39 / All) KillyKillyKilly: for solo
(76:44 / All) NumberOneTrash: when did you start playing this game?
(76:49 / All) KillyKillyKilly: Dec 2002
(76:58 / All) NumberOneTrash: damn
(77:00 / All) KillyKillyKilly: I was 14 lol
(77:00 / All) NumberOneTrash: i was four
(77:01 / All) NumberOneTrash: lol
(77:32 / All) NumberOneTrash: im a system player mostly but my brother plays this and i thought id try it
(77:42 / All) NumberOneTrash: lik i got xbox 360
(77:58 / All) KillyKillyKilly: I definitely prefer PC games
(78:19 / All) KillyKillyKilly: How long as your brother been playing this
(78:24 / All) NumberOneTrash: uh
(78:32 / All) NumberOneTrash: like maybe 5 years
(78:35 / All) NumberOneTrash: maybe less
(78:39 / All) NumberOneTrash: i think 3 or 4
(78:55 / All) NumberOneTrash: cuz he started playing around when i was like 10 i would say
(79:06 / All) KillyKillyKilly: Alright you need to do the batmaster strategy
(79:10 / All) KillyKillyKilly: get a blademaster
(79:12 / All) KillyKillyKilly: tower up your base
(79:18 / All) KillyKillyKilly: then harass him while creeping
(79:33 / All) KillyKillyKilly: straight tech to batriders
(79:41 / All) KillyKillyKilly: then never engage his army
(79:45 / All) KillyKillyKilly: only attack his building
(79:52 / All) KillyKillyKilly: and prevent him from expanding, you will need to expand yourself
(80:05 / All) KillyKillyKilly: I might do a batmaster solo tomorrow and send you replay
(80:08 / All) KillyKillyKilly: then you can copy my build
(80:13 / All) NumberOneTrash: ok
(80:21 / All) NumberOneTrash: you wanna play together tommorw?
(80:28 / All) NumberOneTrash: if u wanna team up with me
(80:36 / All) KillyKillyKilly: I might
(80:42 / All) NumberOneTrash: i mean i thought i did pretty good
(80:46 / All) NumberOneTrash: purple made red leave
(80:50 / All) NumberOneTrash: then purple left
(80:56 / All) KillyKillyKilly: Why did red leave
(81:04 / All) NumberOneTrash: becuz me and pink teched
(81:13 / All) NumberOneTrash: but pink already had units
(81:16 / All) NumberOneTrash: i had none
(81:23 / All) NumberOneTrash: watch the replay after if you want
(81:26 / All) NumberOneTrash: im gonna watch you
(81:47 / All) NumberOneTrash: i teched then went to raiders righta way
(81:49 / All) KillyKillyKilly: A lot of people harass level 1 blademaster
(81:53 / All) KillyKillyKilly: that's dumb
(81:57 / All) NumberOneTrash: i went dogy guy
(81:59 / All) KillyKillyKilly: it's not effective unless you're lucky
(82:12 / All) KillyKillyKilly: it's alright on maps like market square
(82:16 / All) KillyKillyKilly: if you're outside spawn
(83:16 / All) NumberOneTrash: i wish i had a pez or rifle men or something
(83:17 / All) NumberOneTrash: lol
(83:30 / All) KillyKillyKilly: Did you watch the other videos
(83:35 / All) KillyKillyKilly: "I am convinced you hack"
(83:36 / All) NumberOneTrash: yea i watch them all
(83:45 / All) KillyKillyKilly: and STOOP BOY'S AFRAID TO LEAVE HIS STOOP!
(83:51 / All) NumberOneTrash: mhm
(84:16 / All) NumberOneTrash: damn its already 4 30
(84:28 / All) NumberOneTrash: at 4 45 can we end this?
(84:31 / All) NumberOneTrash: or keep going
(84:50 / All) KillyKillyKilly: Alright, do you agree that I would exceed my previous record of 300,000+ gold?
(85:00 / All) KillyKillyKilly: It's pretty obvious that I would
(85:01 / All) NumberOneTrash: yea
(85:07 / All) NumberOneTrash: if you have all gold mines
(85:09 / All) NumberOneTrash: yea
(85:14 / All) KillyKillyKilly: Wish FlameChampion23 a happy birthday
(85:20 / All) NumberOneTrash: right now?
(85:23 / All) KillyKillyKilly: Yes
(85:35 / All) NumberOneTrash: that user is not logged on
(85:39 / All) KillyKillyKilly: He is going to be 26, he still lives at home. He's a bit of a putz and a lamer.
(85:41 / All) KillyKillyKilly: Say it on here
(85:51 / All) NumberOneTrash: happy birthday flamechampion23?
(86:05 / All) NumberOneTrash: yep i spelt that right
(86:06 / All) KillyKillyKilly: Use an exclamation point, to emphasize that you care about him
(86:21 / All) NumberOneTrash: Happy Birthday FlameChampion23!!!
(86:25 / All) KillyKillyKilly: Very nice
(86:28 / All) KillyKillyKilly: Tell him to get a job
(86:33 / All) NumberOneTrash: Get a job
(86:40 / All) KillyKillyKilly: And stop being a weeaboo
(86:47 / All) NumberOneTrash: and stop being a weeaboo
(87:04 / All) KillyKillyKilly: Alright, you have done well. I will concede defeat, you are too much for me to handle
(87:06 / All) KillyKillyKilly: GG